 Dungeon Crawl Stone Soup version 0.31-a0-675-g238779eb0a (webtiles) character file.

Game seed: 9036917314684109308

53 qw the Shooter (level 3, -2/22 HPs)
             Began as a Gargoyle Hunter on Sept 5, 2023.
             Killed by divine providence
             ... invoked by an orc priest
              (11 damage)
             ... on level 2 of the Dungeon.
             The game lasted 00:00:28 (686 turns).

qw the Shooter (Gargoyle Hunter)                     Turns: 686, Time: 00:00:29

Health: -2/22      AC:  8    Str: 14    XL:     3   Next: 89%
Magic:  3/3        EV: 10    Int:  9    God:
Gold:   32         SH:  0    Dex: 15    Spells: 2/2 levels left

rFire   . . .        a - +0 shortbow
rCold   . . .        (shield currently unavailable)
rNeg    + . .        d - +0 ring mail
rPois   inf          (no helmet)
rElec   +            (no cloak)
rCorr   .            (no gloves)
SInv    .            (no boots)
Will    .....        (no amulet)
Stlth   +            (no ring)
HPRegen 0.23/turn    (no ring)
MPRegen 0.08/turn

%: no passive effects
@: no status effects
A: sickness immunity, AC +3, negative energy resistance 1, electricity
resistance, torment resistance 1, petrification resistance
a: no special abilities


You were on level 2 of the Dungeon.
You visited 1 branch of the dungeon, and saw 2 of its levels.

You collected 32 gold pieces.


Innate Abilities, Weirdness & Mutations

You are immune to sickness and miasma.
Your stone body is resilient. (AC +3)
You are immune to poison.
You resist negative energy. (rN+)
You are resistant to electric shocks. (rElec)
You are resistant to unholy torment.
You are immune to petrification.


   Skills:
 + Level 2.7 Fighting
 - Level 5.0 Ranged Weapons
 - Level 1.1 Armour
 - Level 1.5 Dodging
 - Level 1.1 Stealth


You had 2 spell levels left.
You didn't know any spells.
Your spell library was empty.

Inventory:

Hand Weapons
 a - a +0 shortbow (weapon)
Armour
 d - a +0 ring mail (worn)
Scrolls
 b - a scroll of enchant weapon {unknown}
Potions
 c - a potion of heal wounds {unknown}
 e - a potion of might {unknown}

Dungeon Overview and Level Annotations

Branches:
Dungeon (2/15)

Altars:


Message History

An orc comes into view. It is wielding a +0 hand axe.
You shoot an arrow. The orc shouts!
The arrow hits the orc.
The orc is heavily wounded.
You shoot an arrow. The arrow barely misses the kobold.
The arrow hits the orc.
You kill the orc!
An orc comes into view. It is wielding a +0 whip.
You shoot an arrow. The arrow closely misses the kobold.
A quokka comes into view.
You shoot an arrow. The arrow hits the kobold.
The kobold is severely wounded.
The kobold hits you but does no damage. The kobold completely misses you.
You shoot an arrow. The arrow hits the kobold.
You kill the kobold!
You shoot an arrow. The arrow barely misses the orc.
The arrow hits the quokka.
You kill the quokka!
The orc hits you with a +0 whip.
You shoot an arrow. The arrow closely misses the orc.
The orc hits you but does no damage.
An orc priest comes into view. It is wielding a +0 dagger.
You shoot an arrow. The orc priest shouts!
The arrow hits the orc!
You kill the orc!
You hear a shout!
You shoot an arrow.
The arrow closely misses the orc priest.
You shoot an arrow. The arrow hits the orc priest!
The orc priest is heavily wounded.
The orc priest invokes the aid of Beogh against you.
Beogh smites you!
Ouch! That really hurt!
You shoot an arrow. The arrow hits the orc priest!
The orc priest is almost dead.
An orc comes into view. It is wielding a +0 short sword.
The orc priest calls down the wrath of Beogh upon you.
Beogh smites you!
Ouch! That really hurt!
You die...

####### #.....# #.###.#
#.# #.# #.# #.# #.# #.#
#.# #.#
#######.###.#####o#.
............@o..)..[
.#######+##'###.#####.#.
..............#.# #.#
..####........#.# #.#.#
..# +........#.# #.#.#
..##+#........#.# #.#.#
.# .......#+#......#
#.#.##.# .......#
#.###### #.#.##.#
.......# ... #.#.##.#


You could see an orc priest and an orc.

Vanquished Creatures
  A worm (D:2)
  2 dart slugs
  2 orcs (D:2)
  4 endoplasms (D:1)
  3 goblins
  5 hobgoblins (D:1)
  3 jackals (D:1)
  A quokka (D:2)
  3 ball pythons
  6 bats
  4 frilled lizards (D:1)
  6 kobolds
  3 rats
43 creatures vanquished.

Notes
Turn   | Place    | Note
-------+----------+-------------------------------------------
     0 | D:1      | qw the Gargoyle Hunter began the quest for the Orb.
     0 | D:1      | Reached XP level 1. HP: 12/12 MP: 1/1
     0 | D:1      | 0 ||| qw: Version: 0.3-a-75-g829b12e
     0 | D:1      | 0 ||| qw: Game counter: 162
     0 | D:1      | 0 ||| qw: Melee chars always use a shield: true
     0 | D:1      | 0 ||| qw: God list: Okawaru
     0 | D:1      | 0 ||| qw: Allow faded altars: false
     0 | D:1      | 0 ||| qw: Do Orc after clearing Dungeon:15 true
     0 | D:1      | 0 ||| qw: Do second Lair branch before Depths: true
     0 | D:1      | 0 ||| qw: Lair rune preference: random
     0 | D:1      | 0 ||| qw: Goals: Normal
     0 | D:1      | 0 ||| PLANNING D:1-11
    61 | D:1      | Reached XP level 2. HP: 17/17 MP: 2/2
   190 | D:1      | 190 ||| Stepping ~*~*~tactically~*~*~ (retreating).
   191 | D:1      | 191 ||| Stepping ~*~*~tactically~*~*~ (retreating).
   192 | D:1      | 192 ||| Stepping ~*~*~tactically~*~*~ (retreating).
   212 | D:1      | Reached XP level 3. HP: 10/21 MP: 3/3
   340 | D:1      | Reached skill level 5 in Ranged Weapons
   428 | D:1      | 428 ||| UPGRADING to +0 ring mail.
   438 | D:1      | 438 ||| DROPPING +0 leather armour.
   439 | D:1      | 439 ||| DROPPING scroll of butterflies.
   581 | D:2      | Reached skill level 1 in Armour
   686 | D:2      | Killed from afar by an orc priest

Levels and vault maps discovered:
D:1:      dpeg_arrival_orchard, layout_rooms
D:2:      layout_basic

Skill      XL: |  1  2  3 |
---------------+----------+-----
Ranged Weapons | 5 |  5.0
Armour         | 1 |  1.1
Fighting       | |  2.7
Dodging        | |  1.5
Stealth        | |  1.1

Action                     || total
---------------------------++-------
   Fire: Shortbow          ||   143
 Armour: Leather armour    ||    30
         Ring mail         ||    14
  Dodge: Dodged            ||    39

Table legend:
 A = Non-vault XP
 B = Vault XP
 C = Vault XP percentage of total XP
 D = Non-vault monster count
 E = Vault monster count
 F = Vault count percentage of total count
                 A         B        C        D         E       F
            +---------+---------+-------+---------+---------+-------
      Total |      77 |       0 |   0.0 |      43 |       0 |   0.0
            +---------+---------+-------+---------+---------+-------
        D:1 |      51 |       0 |   0.0 |      32 |       0 |   0.0
        D:2 |      26 |       0 |   0.0 |      11 |       0 |   0.0
            +---------+---------+-------+---------+---------+-------
